 Dungeon Crawl Stone Soup version 0.21.1-1-g345015fe64 (webtiles) character file.

93 Pisosu the Ruffian (level 4, -3/40 HPs)
             Began as a Ghoul Monk on July 30, 2018.
             Slain by a gnoll
             ... wielding a +0 spear
              (8 damage)
             ... on level 3 of the Dungeon.
             The game lasted 00:09:24 (2267 turns).

Pisosu the Ruffian (Ghoul Monk)                     Turns: 2267, Time: 00:09:25

Health: -3/40      AC:  2    Str: 14    XL:     4   Next: 62%
Magic:  3/3        EV: 13    Int:  5    God:
Gold:   58         SH:  0    Dex: 12    Spells: 3/3 levels left

rFire    . . .     SeeInvis .     - Unarmed
rCold    + . .     Gourm    .   (no shield)
rNeg     + + +     Faith    .   a - +0 robe
rPois    ∞         Spirit   .   (no helmet)
rElec    .         Reflect  .   (no cloak)
rCorr    .         Harm     .   (no gloves)
MR       .....                  (no boots)
Stlth    ++........             p - amulet of rage
HPRegen  0.00/turn              (no ring)
MPRegen  0.08/turn              (no ring)

@: rotting
A: rotting body, claws 1, carnivore, cold resistance 1, negative energy
resistance 3, inhibited regeneration, torment resistance, unbreathing
a: no special abilities


You were on level 3 of the Dungeon.
You were not hungry.

You visited 1 branch of the dungeon, and saw 3 of its levels.

You collected 58 gold pieces.

Inventory:

Armour
 a - a +0 robe (worn)
 c - a +0 robe
 f - a +0 robe
 g - a +0 ring mail
Jewellery
 p - an amulet of rage (around neck)
Scrolls
 e - 2 scrolls of identify
 h - 3 scrolls of remove curse {unknown}
 j - a scroll of amnesia {unknown}
 k - a scroll of enchant weapon {unknown}
 l - a scroll of enchant armour {unknown}
Potions
 i - 3 potions of degeneration {unknown}
 m - a potion of berserk rage {unknown}
 n - a potion of cancellation {unknown}
 o - a potion of mutation {unknown}
Comestibles
 b - 5 rations
 q - a chunk of flesh


   Skills:
 + Level 3.8 Fighting
 * Level 3.3 Dodging
 + Level 3.0 Stealth
 + Level 4.3 Unarmed Combat


You had 3 spell levels left.
You didn't know any spells.

Dungeon Overview and Level Annotations

Branches:
Dungeon (3/15)

Altars:


Innate Abilities, Weirdness & Mutations

Your body is rotting away.
You thrive on raw meat.
You are immune to poison.
You have sharp fingernails.
You are carnivorous and can eat meat at any time.
Your flesh is cold resistant. (rC+)
You are immune to negative energy. (rN+++)
You do not regenerate when monsters are visible.
You are immune to unholy pain and torment.
You can survive without breathing.


Message History

You barely miss the gnoll.
The gnoll hits you from afar with a spear.
The gnoll hits you with a flail!
* * * LOW HITPOINT WARNING * * *
Eat one of 2 chunks of flesh? (ye/n/q)
You eat one of the 2 chunks of flesh.
This raw flesh tastes great!
You claw the frilled lizard!
You kill the frilled lizard!
You claw the gnoll!
The gnoll is severely wounded.
The gnoll completely misses you.
You claw the gnoll!
You kill the gnoll!
Your Stealth skill increases to level 3!
The gnoll hits you from afar with a spear!
* * * LOW HITPOINT WARNING * * *
Things that are here:
a flail; a gnoll corpse The gnoll hits you from afar with a spear!
You die...

##.#)########## #...# ######gg#
### #########...ggl># #<#
#..g.g..#.######### ###### #.#
#.#####g#.#........ ...... #.#
#.##....g.g......# ###### #[#
#g##....#.#.####.# #.#
#.##.##.#.#@# #.# #.#
#.#.....#.#.# #.# #.#
#.#######)#.# #.# #.#
#...g.....#.####.#######
#.#############...<#.......#####
#......# #...................(
######.# #.############.......
#.# #.# #..##### #.# #.#
#.......


You could see a gnoll.

Vanquished Creatures
  A gnoll (D:3)
  3 adders
  2 oozes
  A worm (D:2)
  A leopard gecko (D:1)
  3 giant cockroaches
  8 goblins
  6 hobgoblins
  2 jackals (D:2)
  3 kobolds
  A ball python (D:2)
  5 bats
  3 frilled lizards
  7 rats
46 creatures vanquished.

Notes
Turn   | Place    | Note
-------+----------+-------------------------------------------
     0 | D:1      | Pisosu the Ghoul Monk began the quest for the Orb.
     0 | D:1      | Reached XP level 1. HP: 19/19 MP: 0/0
   175 | D:1      | Reached XP level 2. HP: 19/26 MP: 1/1
   748 | D:1      | Reached XP level 3. HP: 21/33 MP: 2/2
  1520 | D:2      | Reached skill level 4 in Unarmed Combat
  1977 | D:3      | Reached XP level 4. HP: 38/39 MP: 3/3
  2267 | D:3      | Slain by a gnoll

Skill      XL: |  1  2  3  4 |
---------------+-------------+-----
Dodging        | 3 |  3.3
Unarmed Combat | 4 |  4.3
Stealth        | 3 |  3.0
Fighting       | |  3.8

Action                   |  1- 3 |  4- 6 || total
-------------------------+-------+-------++-------
Melee: Unarmed           |    87 |    28 ||   115
       Punch             |     2 |       ||     2
  Use: Scroll            |       |     2 ||     2
 Stab: Sleeping          |     7 |     1 ||     8
  Eat: Chunk             |     6 |     2 ||     8
       Ration            |       |     1 ||     1
Armor: Robe              |    16 |     7 ||    23
Dodge: Dodged            |    41 |    15 ||    56
